 Dungeon Crawl Stone Soup version 0.26.0-10-g1f06aea511 (webtiles) character file.

Game seed: 11342645502865926769

2793 Borgoz the Basher (level 9, -2/78 HPs)
             Began as a Ghoul Gladiator on Jan 15, 2021.
             Was a Believer of Ashenzari.
             Slain by an orc warrior
             ... wielding a +0 glaive
              (6 damage)
             ... on level 9 of the Dungeon.
             The game lasted 00:13:28 (8694 turns).

Borgoz the Basher (Ghoul Gladiator)                 Turns: 8694, Time: 00:13:28

Health: -2/78      AC:  9    Str: 18    XL:     9   Next: 71%
Magic:  8/8        EV: 14    Int:  3    God:    Ashenzari [**....]
Gold:   519        SH: 10    Dex: 13    Spells: 5/8 levels left

rFire    . . .     SeeInvis .   j - +2 morningstar
rCold    + . .     Faith    .   n - +2 buckler
rNeg     + + +     Spirit   .   q - +0 steam dragon scales
rPois    ∞         Reflect  +   c - +0 helmet
rElec    .         Harm     .   A - +1 cloak
rCorr    .         Rampage  .   (no gloves)
Will     .....                  (no boots)
Stlth    +.........             s - amulet of reflection
HPRegen  0.00/turn              g - +4 ring of slaying
MPRegen  0.11/turn              (no ring)

@: no status effects
A: claws 1, cold resistance 1, negative energy resistance 3, inhibited
regeneration, torment resistance, unbreathing
a: Renounce Religion, Curse Item, Scrying


You were on level 9 of the Dungeon.
You worshipped Ashenzari.
Ashenzari was pleased with you.
You visited 2 branches of the dungeon, and saw 10 of its levels.

You collected 519 gold pieces.

Inventory:

Hand Weapons
 j - a +2 morningstar (weapon)
Missiles
 d - 8 throwing nets (quivered)
Armour
 c - a +0 helmet (worn)
 m - a +0 leather armour of fire resistance
 n - a +2 buckler (worn)
 q - +0 steam dragon scales (worn)
 A - a +1 cloak (worn)
Jewellery
 a - the amulet "Tosuytish" {rF- Will- Regen+ Str+5 SInv}
   (You found it on level 4 of the Dungeon)

   [amulet of regeneration]

   It affects your strength (+5).
   It makes you vulnerable to fire.
   It affects your willpower, your defense against some magical effects.
   It lets you see invisible.
   It increases your rate of regeneration.
 g - a +4 ring of slaying (left claw)
 s - an amulet of reflection (around neck)
Wands
 y - a wand of flame (38)
Scrolls
 e - 3 scrolls of random uselessness {unknown}
 f - 2 scrolls of blinking
 i - 4 scrolls of remove curse
 l - 3 scrolls of enchant armour
 p - 2 scrolls of noise {unknown}
 w - a scroll of magic mapping
Potions
 b - 2 potions of brilliance {unknown}
 h - 4 potions of curing
 k - 3 potions of flight {unknown}
 o - 2 potions of heal wounds
 t - 4 potions of haste {unknown}
 v - a potion of cancellation


   Skills:
 + Level 6.6 Fighting
 * Level 8.1 Maces & Flails
 - Level 1.7 Throwing
 + Level 5.1 Armour
 + Level 6.0 Dodging


You had 5 spell levels left.
You knew the following spells:

 Your Spells              Type           Power        Failure   Level
a - Confusing Touch       Hex            0%           97%         3

Your spell library contained the following spells:

 Spells                   Type           Power        Failure   Level
 Freeze                   Ice            0%           71%         1
 Magic Dart               Conj           0%           71%         1
 Searing Ray              Conj           0%           83%         2
 Dazzling Flash           Conj/Hex       0%           97%         3
 Frozen Ramparts          Ice            0%           97%         3
 Gell's Gravitas          Tloc           0%           97%         3
 Ozocubu's Armour         Ice            0%           97%         3
 Fulminant Prism          Conj/Hex       0%           100%        4
 Hailstorm                Conj/Ice       0%           100%        4
 Iskenderun's Mystic Bla  Conj/Tloc      0%           100%        4
 Petrify                  Tmut/Erth      0%           100%        4
 Summon Ice Beast         Ice/Summ       0%           100%        4
 Metabolic Englaciation   Hex/Ice        0%           100%        5
 Yara's Violent Unravell  Hex/Tmut       0%           100%        5


Dungeon Overview and Level Annotations

Branches:
Dungeon (9/15)             Temple (1/1) D:4
   Lair: D:8-11         Orc: D:9-12

Altars:
Ashenzari
Cheibriados
Dithmenos
Elyvilon
Fedhas
Gozag
Hepliaklqana
Kikubaaqudgha
Makhleb
Nemelex Xobeh
Okawaru
Qazlal
Ru
Sif Muna
Trog
Uskayaw
Vehumet
Wu Jian
Xom
Yredelemnul
Zin
The Shining One

Shops:
D:4 (   D:6 ?

Annotations:
D:6 2 runed translucent doors, denisd0's ghost, novice DsGl


Innate Abilities, Weirdness & Mutations

You thrive by killing the living.
You are immune to poison.
You have sharp fingernails.
Your flesh is cold resistant. (rC+)
You are immune to negative energy. (rN+++)
You do not regenerate when monsters are visible.
You are immune to unholy pain and torment.
You can survive without breathing.


Message History

You see here a quokka corpse.
You puncture the orc warrior!
The orc warrior is moderately wounded.
You block the orc warrior's attack.
You barely miss the orc warrior.
The orc warrior is moderately wounded.
You block the orc warrior's attack.
You thump the orc warrior!
The orc warrior is severely wounded.
The orc warrior hits you with a +0 glaive.
* * * LOW HITPOINT WARNING * * *
You barely miss the orc warrior.
The orc warrior is severely wounded.
You hit the orc warrior but do no damage.
The orc warrior is severely wounded.
The orc warrior closely misses you.
You hit the orc warrior.
The orc warrior is severely wounded.
The orc warrior hits you with a +0 glaive.
You die...

* , #.)...#.
,, #...... ,
##.....,
#.....#** *
###.....# ,
#.......#####
*
#....o.......
#..))@.# ,,
#....<.# *
#...)..# ,,
#......# , ,
#......#, ,
######## , *
, ,


You could see an orc warrior.

Vanquished Creatures
  A steam dragon (D:8)
  A sky beast (D:5)
  A black bear (D:8)
  2 orc warriors
  A phantom (D:4)
  An ice beast (D:3)
  A necrophage (D:5)
  3 ogres
  A centaur (D:6)
  3 bullfrogs
  A scorpion (D:5)
  5 wights (D:6)
  A howler monkey (D:6)
  2 hounds
  6 orc priests
  Crazy Yiuf (D:5)
  A jelly (D:8)
  10 orc wizards
  6 worker ants
  3 iguanas
  A hound zombie (D:9)
  18 gnolls
  7 adders
  2 ufetubi (D:6)
  An ooze (D:2)
  An adder zombie (D:3)
  2 adder skeletons
  3 worms (D:3)
  5 dart slugs
  4 leopard geckos
  27 orcs
  2 ball pythons
  3 giant cockroaches
  4 goblins
  7 hobgoblins
  14 jackals
  4 kobolds
  4 quokkas
  11 bats
  4 frilled lizards
  5 rats
180 creatures vanquished.

Vanquished Creatures (others)
  19 plants (D:3)
  A withered plant (D:3)
20 creatures vanquished.

Grand Total: 200 creatures vanquished

Notes
Turn   | Place    | Note
-------+----------+-------------------------------------------
     0 | D:1      | Borgoz the Ghoul Gladiator began the quest for the Orb.
     0 | D:1      | Reached XP level 1. HP: 17/17 MP: 0/0
   468 | D:1      | Reached XP level 2. HP: 22/25 MP: 1/1
   761 | D:1      | Reached skill level 3 in Maces & Flails
   890 | D:2      | Reached XP level 3. HP: 23/30 MP: 2/2
  1065 | D:2      | Found a broken altar of Ashenzari.
  1107 | D:2      | Reached skill level 1 in Armour
  1107 | D:2      | Became a worshipper of Ashenzari the Shackled
  1436 | D:2      | Found a glowing silver altar of Zin.
  1542 | D:2      | Reached XP level 4. HP: 37/37 MP: 3/3
  2291 | D:4      | Found a staircase to the Ecumenical Temple.
  2339 | Temple   | Entered the Ecumenical Temple
  2489 | D:4      | Reached XP level 5. HP: 41/45 MP: 4/4
  2530 | D:3      | Noticed an ice beast
  2542 | D:3      | Killed an ice beast
  2543 | D:3      | Reached skill level 4 in Maces & Flails
  2564 | D:3      | Reached XP level 6. HP: 17/51 MP: 5/5
  2870 | D:3      | Found a blossoming altar of Fedhas.
  2870 | D:3      | Found an ancient bone altar of Kikubaaqudgha.
  3359 | D:3      | Reached * piety under Ashenzari
  3865 | D:4      | Noticed a phantom
  3883 | D:4      | Killed a phantom
  3884 | D:4      | Reached XP level 7. HP: 45/59 MP: 6/6
  3953 | D:4      | Reached skill level 5 in Maces & Flails
  4300 | D:4      | Found Zoddef's Weapon Boutique.
  4479 | D:4      | Identified the amulet "Tosuytish" {rF- Will- Regen+ Str+5
                  | SInv}
  4838 | D:5      | Entered Level 5 of the Dungeon
  5072 | D:5      | Reached XP level 8. HP: 63/67 MP: 7/7
  5187 | D:5      | Found a runed translucent door.
  5188 | D:5      | Noticed Crazy Yiuf
  5498 | D:5      | Reached skill level 5 in Fighting
  5504 | D:5      | Reached skill level 6 in Maces & Flails
  5664 | D:5      | Killed Crazy Yiuf
  5903 | D:6      | Found a large runed translucent door.
  5903 | D:6      | Found a large runed translucent door.
  5904 | D:6      | Noticed denisd0's ghost (novice DsGl)
  5934 | D:6      | Reached skill level 5 in Dodging
  6327 | D:6      | Reached skill level 7 in Maces & Flails
  6327 | D:6      | Reached XP level 9. HP: 61/75 MP: 8/8
  6692 | D:6      | Found Wyuturasch's Magic Scroll Boutique.
  6772 | D:7      | Found a sparkling altar of Nemelex Xobeh.
  6781 | D:7      | Found a sparkling altar of Nemelex Xobeh.
  7193 | D:7      | Found an ornate altar of the Wu Jian Council.
  7309 | D:7      | Learned a level 3 spell: Confusing Touch
  7530 | D:7      | Reached ** piety under Ashenzari
  7790 | D:8      | Reached skill level 5 in Armour
  8062 | D:8      | Reached skill level 8 in Maces & Flails
  8694 | D:9      | Slain by an orc warrior

Illustrated notes

Levels and vault maps discovered:
D:1:      dpeg_arrival_long_road, layout_basic
D:2:      layout_loops_ring, general_overflow_altar, ashenzari_altar_1
D:3:      layout_basic, grunt_temple_overflow_growth_and_decay,
          serial_bayou_lake_a
D:4:      layout_gridville, temple_fountains, serial_shops, shop,
          minmay_liquid_box
D:5:      layout_basic, uniq_crazy_yiuf_cottage
D:6:      layout_loops_ring, ebering_ghost_disaster_area, serial_shops, shop
D:7:      layout_basic, chequers_temple_overflow_statue_of_worship, basic_altar,
          hangedman_decor_lopped
D:8:      layout_loops_ring
D:9:      minmay_separated_statues, layout_basic
Temple:   eino_temple_scatter_basement

Skill      XL: |  1  2  3  4  5  6  7  8  9 |
---------------+----------------------------+-----
Maces & Flails | 3 4 5 7 8 |  8.1
Armour         | 1 2 3 4 5 |  5.1
Dodging        | 3 4 5 6 |  6.0
Fighting       | 3 4 5 6 |  6.6
Throwing       | |  1.7

Action                   |  1- 3 |  4- 6 |  7- 9 || total
-------------------------+-------+-------+-------++-------
Melee: Flail             |    92 |   153 |   195 ||   440
       Morningstar       |       |       |   148 ||   148
Throw: Throwing net      |       |     1 |     2 ||     3
  Use: Scroll            |     2 |     4 |    12 ||    18
       Potion            |       |     1 |     1 ||     2
 Stab: Held in net/web   |       |       |     1 ||     1
Armor: Ring mail         |    23 |    32 |       ||    55
       Scale mail        |       |    39 |   140 ||   179
       Steam dragon scal |       |       |     6 ||     6
Dodge: Dodged            |    51 |   117 |   165 ||   333
Block: Other             |       |    27 |    22 ||    49
       Buckler           |       |       |   131 ||   131
       Reflection        |       |       |     5 ||     5
